Map: Newkirk Precinct TE (Void)

Players

PtitDrogo - Winner!

  • Race: Protoss Protoss
  • Spawn Location: 7:00

McMonroe

  • Race: Zerg Zerg
  • Spawn Location: 5:00

Event: WCS Austin 2017

VOD

Have the link to the VOD?

Description

Time

  • Played on: April 28, 2017, 4:55 p.m.
  • Length: 7:31

All games in this series

Show
View Real Time Build Order
Export as new Build Order

PtitDrogo Protoss - Winner!

Build Orders: 1 Gate Expand, Oracle Opening 

Get SALT Encoding   

  12  0:00  Probe (Chrono Boost)  
  13  0:11  Probe (Chrono Boost)  
  14  0:18  Pylon  
  14  0:22  Probe (Chrono Boost)  
  15  0:36  Probe (Chrono Boost)  
  15  0:40  Gateway  
  16  0:47  Probe (Chrono Boost)  
  16  0:48  Assimilator  
  17  0:57  Probe (Chrono Boost)  
  18  1:08  Probe (Chrono Boost)  
  19  1:23  Nexus  
  19  1:26  Probe (Chrono Boost)  
  20  1:36  Cybernetics Core  
  20  1:39  Probe (Chrono Boost)  
  21  1:46  Assimilator  
  21  1:49  Probe (Chrono Boost)  
  21  1:52  Pylon  
  22  2:00  Probe (Chrono Boost)  
  23  2:08  Adept  
  23  2:12  Probe (Chrono Boost), Warp Gate  
  27  2:24  Probe (Chrono Boost)  
  27  2:35  Probe (Chrono Boost), Stargate, Adept  
  27  2:36  Probe (Chrono Boost)  
  31  2:46  Probe (Chrono Boost)  
  31  2:48  Probe (Chrono Boost)  
  33  2:56  Probe (Chrono Boost)  
  34  2:58  Adept  
  34  3:00  Probe (Chrono Boost)  
  37  3:07  Mothership Core (Chrono Boost)  
  39  3:16  Pylon  
  39  3:17  Gateway  
  39  3:23  Probe (Chrono Boost)  
  39  3:25  Probe (Chrono Boost)  
  41  3:31  Oracle  
  41  3:36  Gateway  
  44  3:53  Probe (Chrono Boost)  
  44  4:00  Probe (Chrono Boost)  
  44  4:02  Oracle  
  43  4:05  Probe (Chrono Boost)  
  47  4:11  Probe (Chrono Boost)  
  49  4:17  Probe (Chrono Boost), Adept x2  
  49  4:23  Probe (Chrono Boost)  
  54  4:29  Pylon  
  54  4:31  Assimilator  
  54  4:36  Assimilator  
  54  4:40  Pylon  
  54  4:44  Phoenix  
  54  4:48  Probe (Chrono Boost)  
  54  4:49  Probe (Chrono Boost)  
  54  4:50  Pylon  
  54  4:52  Pylon  
  58  4:58  Probe (Chrono Boost)  
  60  5:01  Probe (Chrono Boost)  
  60  5:09  Probe (Chrono Boost)  
  61  5:20  Adept x3  
  67  5:23  Probe (Chrono Boost)  
  67  5:24  Probe (Chrono Boost)  
  69  5:31  Pylon  
  69  5:33  Probe (Chrono Boost)  
  67  5:37  Nexus  
  67  5:38  Probe (Chrono Boost)  
  67  5:45  Adept x2  
  67  5:47  Adept  
  73  5:51  Probe (Chrono Boost)  
  73  5:58  Probe (Chrono Boost)  
  74  6:06  Adept x2  
  77  6:22  Oracle  
  77  6:32  Probe (Chrono Boost)  
  75  6:42  Nexus  
  75  6:46  Probe (Chrono Boost)  
  71  6:47  Probe (Chrono Boost)  
  71  6:48  Gateway  
  71  6:49  Gateway x2  
  71  6:50  Gateway  
  71  6:53  Gateway  
  67  7:04  Adept x3  
  67  7:07  Probe (Chrono Boost)  
  67  7:08  Gateway  
  74  7:17  Probe (Chrono Boost)  
  74  7:20  Probe (Chrono Boost)  
  72  7:25  Adept x2  
  72  7:26  Adept  
  72  7:28  Pylon  
  73  7:30  Pylon  
Show
View Real Time Build Order
Export as new Build Order

McMonroe Zerg 

Build Orders: Pool First 

Get SALT Encoding   

  12  0:00  Drone  
  13  0:12  Overlord  
  13  0:17  Drone  
  14  0:30  Drone x2  
  14  0:34  Drone  
  17  0:45  Extractor  
  17  0:48  Spawning Pool  
  15  0:50  Drone  
  15  0:56  Drone  
  17  1:16  Hatchery  
  16  1:20  Drone  
  17  1:35  Queen  
  17  1:36  Zergling x2  
  20  1:46  Metabolic Boost  
  20  1:53  Overlord  
  20  2:00  Zergling x4  
  22  2:09  Evolution Chamber  
  22  2:10  Zergling x2  
  22  2:17  Zergling x2  
  23  2:26  Zergling x2  
  23  2:29  Zergling x2  
  25  2:39  Zergling x4  
  27  2:46  Zergling x6  
  27  2:51  Overlord  
  30  2:54  Zergling x2  
  31  3:01  Zergling x4  
  33  3:05  Queen  
  33  3:10  Drone  
  36  3:14  Drone  
  37  3:22  Drone  
  37  3:30  Drone x4  
  40  3:48  Drone, Zergling x4  
  41  3:50  Drone  
  41  3:59  Drone x4  
  41  4:07  Drone x2  
  43  4:15  Spore Crawler  
  43  4:16  Spore Crawler  
  39  4:19  Drone x5  
  41  4:36  Drone  
  42  4:38  Drone  
  43  4:47  Hatchery  
  43  4:48  Drone, Overlord  
  43  4:49  Overlord  
  43  4:59  Overlord  
  44  5:07  Zergling x16  
  44  5:13  Baneling Nest  
  48  5:18  Zergling x4  
  47  5:25  Zergling x2  
  47  5:26  Zergling x2  
  49  5:31  Overlord  
  49  5:32  Overlord  
  49  5:34  Zergling x2  
  50  5:41  Zergling x2  
  50  5:42  Zergling x6  
  54  5:47  Overlord  
  54  5:54  Zergling x2  
  54  5:57  Baneling x5  
  53  5:59  Zergling x4  
  55  6:05  Zergling x6  
  55  6:06  Baneling  
  52  6:22  Zergling x14  
  56  6:29  Baneling x2  
  53  6:35  Zergling x4  
  50  6:40  Zergling x2  
  47  6:52  Zergling x2  
  47  6:53  Zergling x2  
  48  7:00  Zergling x2  
  44  7:12  Zergling x6  
Tags
 
Add a new tag
Caveats
  • Supply blocks, unpowered buildings, or Contaminate may cause inaccurate times.
  • Supply counts are checked every 10 seconds.